 Dungeon Crawl Stone Soup version 0.28-a0-472-g50180c0d78 (webtiles) character file.

Game seed: 17433538954644694002

431 Dabor the Unweaver (level 6, -1/43 (48) HPs)
             Began as a Demonspawn Abyssal Knight on Sept 15, 2021.
             Was a Follower of Lugonu.
             Slain by a centaur (3 damage)
             ... on level 6 of the Dungeon.
             The game lasted 00:08:12 (4779 turns).

Dabor the Unweaver (Demonspawn Abyssal Knight)      Turns: 4779, Time: 00:08:13

HP:   -1/43 (48)    AC: 11    Str: 15    XL:     6   Next: 66%
MP:   9/9           EV:  7    Int: 13    God:    Lugonu [*.....]
Gold: 252           SH:  0    Dex: 14    Spells: 5/5 levels left

rFire   . . .      SeeInvis .   a - +1 spear
rCold   . . .      Faith    .   (no shield)
rNeg    . . .      Spirit   .   h - +0 chain mail
rPois   .          Reflect  .   (no helmet)
rElec   .          Harm     .   (no cloak)
rCorr   .          Rampage  .   l - +1 pair of gloves
Will    .....                   (no boots)
Stlth   ..........              (no amulet)
HPRegen 0.14/turn               (no ring)
MPRegen 0.11/turn               (no ring)

@: heavily drained
A: talons 1, thin skeletal structure 1, spiny 1
a: Renounce Religion, Depart the Abyss


You were on level 6 of the Dungeon.
You worshipped Lugonu.
Lugonu was aware of your devotion.
You visited 1 branch of the dungeon, and saw 6 of its levels.
You visited the Abyss 1 time.

You collected 252 gold pieces.

Inventory:

Hand Weapons
 a - a +1 spear (weapon)
Missiles
 d - 16 poisoned darts (quivered)
Armour
 b - a +0 leather armour
 h - a +0 chain mail (worn)
 l - a +1 pair of gloves (worn)
Jewellery
 g - a ring of see invisible
Wands
 n - a wand of iceblast (12)
 s - a wand of flame (23)
Scrolls
 m - 2 scrolls of identify
 o - a scroll of fog {unknown}
 p - 2 scrolls of torment {unknown}
 q - a scroll of enchant armour
Potions
 e - a potion of degeneration {unknown}
 i - 3 potions of brilliance {unknown}
 j - a potion of might {unknown}
 k - a potion of haste {unknown}
 r - 2 potions of attraction {unknown}


   Skills:
 + Level 4.2 Fighting
 + Level 3.3 Polearms
 + Level 3.2 Armour
 + Level 2.7 Dodging
 + Level 4.7 Invocations


You had 5 spell levels left.
You didn't know any spells.
Your spell library contained the following spells:

 Spells                   Type           Power      Damage    Failure   Level
 Beastly Appendage        Tmut           0%         N/A       99%         1
 Wereblood                Tmut           0%         N/A       100%        2
 Spider Form              Tmut/Pois      0%         N/A       100%        3


Dungeon Overview and Level Annotations

Branches:
Dungeon (6/15)             Temple (0/1) D:5

Altars:
Ashenzari
Fedhas
Kikubaaqudgha


Innate Abilities, Weirdness & Mutations

You have sharp toenails.
You have a somewhat thin skeletal structure. (Dex +2, Stealth+)
You are partially covered in sharp spines.


Message History

You feel drained.
* * * LOW HITPOINT WARNING * * *
You hit the centaur. You claw the centaur.
The centaur is heavily wounded.
The centaur barely misses you.
The centaur kicks you but does no damage.
The wight hits you from afar with a +0 halberd.
* * * LOW HITPOINT WARNING * * *
The wight closely misses you. The centaur barely misses you.
The centaur kicks you but does no damage.
Okay, then.
You feel much better.
The wight barely misses you. x2; The centaur hits you.
The centaur barely misses you. The wight hits you but does no damage.
Your chain mail prevents you from hitting the centaur.
The centaur is heavily wounded.
The centaur is struck by your spines. The centaur hits you.
The centaur kicks you but does no damage.
The wight hits you but does no damage.
The wight hits you from afar with a +0 halberd.
The wight barely misses you.
The centaur hits you but does no damage.
The centaur barely misses you.
You hit the centaur but do no damage. You claw the centaur, but do no damage.
The centaur is heavily wounded.
The wight barely misses you. The wight hits you but does no damage.
The centaur barely misses you. x2; The wight hits you but does no damage.
As you read the scroll of fear, it crumbles to dust.
You assume a fearsome visage.
The centaur looks frightened!
The wight is unaffected. x4; The wight barely misses you. x2
The wight hits you from afar with a +0 spear.
You feel drained.
Cornered, the centaur turns to fight!
You closely miss the centaur. You claw the centaur, but do no damage.
The centaur is heavily wounded.
The wight barely misses you.
The wight hits you from afar with a +0 halberd!
* * * LOW HITPOINT WARNING * * *
You feel drained.
* * * LOW HITPOINT WARNING * * *
The centaur is struck by your spines. The centaur hits you.
You die...

#.............#
#....<#######.#
#.>....######.#########
#...............?.....#
#.....#.###........##.#
###......# #.#.###..#
##....##### #.#.# ..#
#.....z######.#.# .?..
.....zzc@.......# ≈≈≈≈≈
......z######.....≈#≈;≈≈≈
....... #####.≈#≈###≈
#...... .≈#≈≈ ≈ ##...#.
≈≈≈ ##.##. #.#. #. #. ..
# #.


You could see a centaur and 4 wights.

Vanquished Creatures
  3 scorpions
  2 hounds
  A jelly (D:6)
  A bullfrog skeleton (D:4)
  A hound skeleton (D:4)
  A gnoll (D:1)
  4 adders
  A worm (D:2)
  A dart slug (D:2)
  7 orcs
  6 bats
  9 endoplasms
  7 giant cockroaches
  8 goblins
  3 hobgoblins
  A kobold (D:1)
  A quokka (D:4)
  6 ball pythons
  4 frilled lizards
  8 rats (D:2)
75 creatures vanquished.

Vanquished Creatures (others)
  4 fungi (D:2)
  3 plants (D:2)
7 creatures vanquished.

Grand Total: 82 creatures vanquished

Notes
Turn   | Place    | Note
-------+----------+-------------------------------------------
     0 | Abyss:1  | Dabor the Demonspawn Abyssal Knight began the quest for the
                  | Orb.
     0 | Abyss:1  | Reached XP level 1. HP: 18/18 MP: 2/2
    47 | Abyss:1  | Noticed a brown very ugly thing
    48 | D:1      | Escaped the Abyss
   100 | D:1      | Reached skill level 1 in Dodging
   441 | D:1      | Gained mutation: You have sharp toenails. [demonic
                  | ancestry]
   441 | D:1      | Reached XP level 2. HP: 12/24 MP: 4/4
   771 | D:1      | Reached * piety under Lugonu
  1034 | D:2      | Gained mutation: You are partially covered in sharp spines.
                  | [demonic ancestry]
  1034 | D:2      | Reached XP level 3. HP: 29/29 MP: 5/5
  2212 | D:2      | Reached XP level 4. HP: 30/35 MP: 6/6
  2285 | D:2      | Found a faded altar of an unknown god.
  2649 | D:3      | Found a broken altar of Ashenzari.
  2948 | D:4      | Found a blossoming altar of Fedhas.
  3111 | D:4      | Gained mutation: You have a somewhat thin skeletal
                  | structure. (Dex +2, Stealth+) [demonic ancestry]
  3111 | D:4      | Reached XP level 5. HP: 42/42 MP: 7/7
  3126 | D:4      | Found an ancient bone altar of Kikubaaqudgha.
  4014 | D:4      | Reached XP level 6. HP: 34/48 MP: 9/9
  4267 | D:5      | Entered Level 5 of the Dungeon
  4286 | D:5      | Found a staircase to the Ecumenical Temple.
  4622 | D:5      | Noticed a sky beast
  4779 | D:6      | HP: 2/43 [wight (4)]
  4779 | D:6      | Slain by a centaur

Illustrated notes

Levels and vault maps discovered:
D:1:      heliophobic_arrival_ceremonial_halls, layout_rooms, st_stairs_12
D:2:      layout_loops_ring, shapermc_ecumenical_altar_hornbeckon,
          minmay_quantized
D:3:      layout_loops_ring, lemuel_coloured_pillars_altar, dk_vineyard_1
D:4:      minmay_general_purpose_star, layout_loops_corners, lemuel_tele_altar,
          fedhas_altar_4, minmay_misc_feat_chi
D:5:      layout_basic, minmay_temple_entry_sparse_star
D:6:      layout_loops_ring, cheibrodos_sewer_entry_sluice,
          serial_bayou_lagoon_a, minmay_crystal_water, nrook_pool_corridor,
          uniq_prince_ribbit1

Skill      XL: |  1  2  3  4  5 |
---------------+----------------+-----
Dodging        | 1 2 |  2.7
Polearms       | 2 3 |  3.3
Armour         | 2 3 |  3.2
Invocations    | 3 4 |  4.7
Fighting       | 4 |  4.2

Action                   |  1- 3 |  4- 6 || total
-------------------------+-------+-------++-------
Melee: Spear             |   114 |   131 ||   245
       Kick              |    14 |    37 ||    51
Throw: Dart              |     2 |       ||     2
Invok: Depart the Abyss  |     1 |       ||     1
  Use: Scroll            |     3 |     4 ||     7
       Potion            |       |     2 ||     2
 Stab: Sleeping          |     1 |       ||     1
Armor: Leather armour    |    13 |       ||    13
       Chain mail        |     9 |    72 ||    81
Dodge: Dodged            |    42 |    48 ||    90

Table legend: (Time is in decaauts)
 A = Elapsed time spent in this place.
 B = Non-inter-level travel time spent in this place.
 C = Inter-level travel time spent in this place.
 D = Time resting spent in this place.
 E = Time spent auto-exploring this place.
 F = Levels seen in this place.
 G = Mean time per level.
                   A        B        C        D        E       F      G
               +--------+--------+--------+--------+--------+-----+--------+
         Total |   4774 |   4555 |    219 |     79 |   3776 |   7 |  682.0 |
       Dungeon |   4726 |   4507 |    219 |     79 |   3731 |   6 |  787.7 |
         Abyss |     48 |     48 |      0 |      0 |     45 |   1 |   48.0 |
               +--------+--------+--------+--------+--------+-----+--------+

Top non-repeatable levels by time:
     D:4: 1477 daAuts
     D:2: 1322 daAuts
     D:1: 982 daAuts
     D:3: 433 daAuts
     D:5: 387 daAuts
     D:6: 123 daAuts
 Abyss:1: 48 daAuts
